 Dungeon Crawl Stone Soup version 0.29.1-15-g9cfb28693d (webtiles) character file.

Game seed: 13768737424038489587

768 JKime the Digger (level 8, 0/61 HPs)
             Began as a Meteoran Earth Elementalist on Apr 6, 2023.
             Was a Believer of Zin.
             Frozen to death by hawla's ghost (8 damage)
             ... on level 5 of the Dungeon.
             The game lasted 00:21:17 (2209 turns).

JKime the Digger (Meteoran Earth Elementalist)      Turns: 2209, Time: 00:21:18

Health: 0/61       AC:  6    Str: 24    XL:     8   Next: 30%
Magic:  14/16      EV: 13    Int: 18    God:    Zin [**....]
Gold:   40         SH:  0    Dex: 14    Spells: 10/17 levels left

rFire   . . .      SeeInvis .   c - +3 dagger (venom)
rCold   . . .      Faith    .   n - orb {mayhem}
rNeg    . . .      Spirit   .   i - +2 robe {Will+}
rPois   ∞          Reflect  .   h - +0 helmet
rElec   .          Harm     .   (no cloak)
rCorr   .          Rampage  .   (no gloves)
Will    ++...                   e - +0 pair of boots
Stlth   +.........              (no amulet)
HPRegen 0.20/turn               o - +6 ring of strength
MPRegen 0.15/turn               (no ring)

@: brilliant, vitalised, reciting, glowing
A: sense surroundings 1, otherworldly, glowing, explore regen, strong 2
a: Renounce Religion, Recite, Vitalisation, Donate Gold


You were on level 5 of the Dungeon.
You worshipped Zin.
Zin was pleased with you.
You visited 1 branch of the dungeon, and saw 5 of its levels.

You collected 233 gold pieces.
You donated 193 gold pieces to Zin.

Inventory:

Hand Weapons
 c - a +3 dagger of venom (weapon)
 s - a +2 vorpal dagger
Missiles
 r - 6 poisoned darts
Armour
 a - a +0 robe
 e - a +0 pair of boots (worn)
 h - a +0 helmet (worn)
 i - a +2 robe of willpower (worn)
 j - a +0 ring mail
 n - an orb of mayhem (worn)
Jewellery
 o - a +6 ring of strength (left hand)
Wands
 d - a wand of quicksilver (11)
Scrolls
 g - 3 scrolls of enchant weapon
 l - 3 scrolls of identify
Potions
 b - a potion of magic


   Skills:
 + Level 2.1 Fighting
 + Level 1.4 Short Blades
 + Level 2.9 Armour
 + Level 4.4 Dodging
 + Level 1.5 Stealth
 + Level 5.1 Spellcasting
 + Level 0.3 Conjurations
 + Level 1.2 Transmutations
 + Level 6.7 Earth Magic
 + Level 3.3 Invocations


You had 10 spell levels left.
You knew the following spells:

 Your Spells              Type           Power      Damage    Failure   Level
a - Sandblast             Erth           86%        2d18      1%          1
b - Stone Arrow           Conj/Erth      52%        3d10      9%          3
c - Passwall              Tmut/Erth      23%        N/A       3%          2
d - Shock                 Conj/Air       28%        1d4       12%         1

Your spell library contained the following spells:

 Spells                   Type           Power      Damage    Failure   Level
 Wereblood                Tmut           13%        N/A       12%         2
 Sublimation of Blood     Necr           6%         N/A       21%         2
 Petrify                  Tmut/Erth      28%        N/A       26%         4
 Swiftness                Air            6%         N/A       36%         3
 Airstrike                Air            3%         2d(1-17)  78%         4
 Summon Hydra             Summ           3%         N/A       100%        7


Dungeon Overview and Level Annotations

Branches:
Dungeon (5/15) Zot: 763
 Temple: D:4-7

Altars:
Ru
Uskayaw
Zin

Shops:
D:3 :(*

Annotations:
D:5 hawla's ghost, amateur MeIE


Innate Abilities, Weirdness & Mutations

You passively map a small area around you.
You are easily found by Zot.
You glow in the dark.
You regain HP and MP as you explore.
Your muscles are very strong. (Str +8, Int/Dex -2)


Message History

Hawla's ghost closely misses you. The orc hits you with a +0 dagger.
It was a potion of brilliance.
You feel clever all of a sudden. Hawla's ghost freezes you.
You are frozen.
* * * LOW HITPOINT WARNING * * *
The orc hits you with a +0 dagger.
* * * LOW HITPOINT WARNING * * *
Hawla's ghost attacks as you move away!
Hawla's ghost hits you but does no damage.
The orc attacks as you move away! The orc hits you but does no damage.
It was a potion of mutation.
You feel extremely strange.
You feel stronger. Zin protects your body from mutation!
You feel stronger.
Zin forgives your inadvertent chaotic act, just this once.
Hawla's ghost barely misses you. The orc hits you but does no damage.
You miss hawla's ghost.
Hawla's ghost is moderately damaged.
Hawla's ghost hits you but does no damage.
The orc barely misses you.
You hit hawla's ghost.
Hawla's ghost is moderately damaged.
The orc hits you but does no damage. Hawla's ghost freezes you.
You are frozen.
* * * LOW HITPOINT WARNING * * *
Zin grants you divine stamina. The orc hits you with a +0 dagger.
* * * LOW HITPOINT WARNING * * *
Hawla's ghost closely misses you.
Activating: Recite (1% risk of failure)
Press: ? - help, Dir - look around, f - activate Look: hawla's ghost (moderately damaged)
You clear your throat and prepare to recite. "And Zin said to all in attendance, 'Which of ye..."
The orc is struck blind by the wrath of Zin!
Hawla's ghost freezes you.
You are frozen!
You die...

.. *##...#..## #...^###.....
...###....#.....##....#.#....#
...#.#.......# .........#.###.
#....#..####.##.##......# #8#.
#.......## #....#*#...#.#,. ..
##.......###....####....#8 .
#......###.............######
##.....###............)).....
##.....###W@##..............
#.......)o###.#............
#..(##...## . #...........)
###....).#* #............
#........,...............
##....................##.
###.....................
##...W5...............
##...................


You could see hawla's ghost and an orc (blind).

Vanquished Creatures
  Sigmund (D:4)
  2 phantoms (D:5)
  3 scorpions
  A hound (D:4)
  A jelly (D:4)
  Terence (D:3)
  3 orc wizards (D:5)
  An iguana (D:4)
  4 adders
  2 ufetubi (D:5)
  A dart slug (D:2)
  8 orcs
  A bat (D:2)
  7 endoplasms
  A giant cockroach (D:2)
  5 goblins
  3 hobgoblins
  4 jackals (D:1)
  2 quokkas
  2 ball pythons
  2 frilled lizards (D:1)
  3 kobolds
  A rat (D:3)
59 creatures vanquished.

Vanquished Creatures (collateral kills)
  3 orcs (D:5)
3 creatures vanquished.

Vanquished Creatures (others)
  An orc priest (D:5)
1 creature vanquished.

Grand Total: 63 creatures vanquished

Notes
Turn   | Place    | Note
-------+----------+-------------------------------------------
     0 | D:1      | JKime the Meteoran Earth Elementalist began the quest for
                  | the Orb.
     0 | D:1      | Reached XP level 1. HP: 14/14 MP: 5/5
    79 | D:1      | Reached skill level 4 in Earth Magic
    79 | D:1      | Reached XP level 2. HP: 18/20 MP: 2/6
   372 | D:1      | You fall into a shaft and drop 1 floor!
   457 | D:2      | Found a glowing silver altar of Zin.
   468 | D:2      | Became a worshipper of Zin the Law-Giver
   499 | D:2      | Reached XP level 3. HP: 23/26 MP: 8/8
   499 | D:2      | Donated 51 gold pieces to Zin
   502 | D:2      | Donated 26 gold pieces to Zin
   543 | D:2      | Reached * piety under Zin
   734 | D:2      | Reached XP level 4. HP: 31/33 MP: 6/9
  1074 | D:2      | Donated 34 gold pieces to Zin
  1075 | D:2      | Donated 17 gold pieces to Zin
  1087 | D:2      | Glimpsed the power of Zot.
  1137 | D:2      | Glimpsed the power of Zot.
  1165 | D:2      | You fall into a shaft and drop 1 floor!
  1165 | D:3      | Found Viazir's Antique Weapon Shoppe.
  1166 | D:3      | Noticed a scorpion
  1181 | D:3      | Killed a scorpion
  1182 | D:3      | Reached XP level 5. HP: 33/39 MP: 9/11
  1187 | D:3      | Reached skill level 1 in Armour
  1232 | D:3      | Reached skill level 5 in Earth Magic
  1236 | D:3      | Found Magedu's Assorted Antiques.
  1279 | D:3      | Reached ** piety under Zin
  1389 | D:3      | Found Wotoloskin's Book Shoppe.
  1412 | D:3      | Found a sacrificial altar of Ru.
  1437 | D:3      | Noticed Terence
  1447 | D:3      | Killed Terence
  1448 | D:3      | Reached skill level 1 in Short Blades
  1465 | D:4      | Learned a level 3 spell: Stone Arrow
  1468 | D:4      | Learned a level 2 spell: Passwall
  1514 | D:4      | Noticed Sigmund
  1536 | D:4      | Killed Sigmund
  1537 | D:4      | Reached skill level 1 in Fighting
  1537 | D:4      | Reached skill level 1 in Invocations
  1537 | D:4      | Reached XP level 6. HP: 29/47 MP: 4/13
  1537 | D:4      | Reached XP level 7. HP: 33/52 MP: 4/14
  1835 | D:5      | Entered Level 5 of the Dungeon
  1861 | D:5      | Donated 28 gold pieces to Zin
  1862 | D:5      | Donated 14 gold pieces to Zin
  1891 | D:5      | Reached skill level 6 in Earth Magic
  1943 | D:5      | Learned a level 1 spell: Shock
  1943 | D:5      | Found a runed translucent gate.
  1945 | D:5      | Found a runed translucent gate.
  1945 | D:5      | Noticed hawla's ghost (amateur MeIE)
  1949 | D:5      | Found a runed translucent gate.
  1952 | D:5      | Identified the +8 mace of the Unliving {vorpal, rF- Dex+9}
  1967 | D:5      | Found a hide-covered altar of Uskayaw.
  1998 | D:5      | Reached XP level 8. HP: 53/61 MP: 16/16
  2008 | D:5      | Reached skill level 5 in Spellcasting
  2205 | D:5      | Gained mutation: Your muscles are strong. (Str +4, Int/Dex
                  | -1) [potion of mutation]
  2205 | D:5      | Gained mutation: Your muscles are very strong. (Str +8,
                  | Int/Dex -2) [potion of mutation]
  2209 | D:5      | Frozen to death by hawla's ghost

Illustrated notes

Levels and vault maps discovered:
D:1:      minmay_arrival_doors, layout_loops_ring
D:2:      layout_loops_ring, basic_altar
D:3:      layout_basic, mainiacjoe_overflow_tiny_flanked,
          nicolae_overflow_ecumenical_swirl,
          mainiacjoe_overflow_small_starburst, serial_shops,
          nicolae_lakefront_shop, nicolae_shop_advertising_works
          [nicolae_subvault_shop_adworks], nicolae_shop_statue_plus, shop,
          nrook_mini_vaults, minmay_fountain_box, minmay_unequal, uniq_terence
D:4:      layout_basic, mainiacjoe_overflow_concentric_impassable,
          minmay_temple_entry_large_hall, gammafunk_ghost_cemetery,
          minmay_manual_monstrance, uniq_sigmund
D:5:      layout_cave_pools, nicolae_uskayaw_murder_on_the_dancefloor,
          biasface_ghost_orc_armoury

Skill      XL: |  1  2  3  4  5  6  7  8 |
---------------+-------------------------+-----
Earth Magic    | 4 5 6 |  6.7
Dodging        | 3 4 |  4.4
Spellcasting   | 3 4 5 |  5.1
Armour         | 2 |  2.9
Short Blades   | 1 |  1.4
Fighting       | 1 2 |  2.1
Invocations    | 1 3 |  3.3
Stealth        | |  1.5
Conjurations   | |  0.3
Transmutations | |  1.2

Action                   |  1- 3 |  4- 6 |  7- 9 || total
-------------------------+-------+-------+-------++-------
Melee: Dagger            |    12 |    38 |    76 ||   126
 Cast: Sandblast         |    22 |    10 |    19 ||    51
       Stone Arrow       |       |     1 |     1 ||     2
       Shock             |       |       |     4 ||     4
Invok: Donate Gold       |     2 |     2 |     2 ||     6
       Recite            |       |     2 |     1 ||     3
       Vitalisation      |       |     1 |     2 ||     3
  Use: Potion            |       |     2 |     3 ||     5
       Scroll            |       |       |     4 ||     4
Armor: Robe              |     1 |       |    53 ||    54
       Ring mail         |     7 |    19 |       ||    26
Dodge: Dodged            |     9 |    26 |    59 ||    94
